 Dungeon Crawl Stone Soup version 0.19.1-1-g22dce08 (webtiles) character file.

140 McKennaii the Gusty (level 5, -4/32 HPs)
             Began as a High Elf Air Elementalist on Jan 7, 2017.
             Shot with an arrow by a centaur (8 damage)
             ... on level 3 of the Dungeon.
             The game lasted 00:05:04 (1716 turns).

McKennaii the Gusty (High Elf Air Elementalist)     Turns: 1716, Time: 00:05:05

Health: -4/32      AC:  2    Str:  7    XL:     5   Next: 2%
Magic:  4/12       EV: 13    Int: 19    God:
Gold:   85         SH:  0    Dex: 16    Spells: 3 memorised, 7 levels left

rFire  . . .     SeeInvis .     (no weapon)
rCold  . . .     Gourm    .     a - +0 robe
rNeg   . . .     Faith    .     (no shield)
rPois  .         Spirit   .     (no helmet)
rElec  .         Reflect  .     (no cloak)
rCorr  .         Harm     .     (no gloves)
MR     .....                    (no boots)
Stlth  ++........               (no amulet)
                                (no ring)
                                (no ring)

@: no status effects
A: no striking features
a: no special abilities


You were on level 3 of the Dungeon.
You were not hungry.

You visited 1 branch of the dungeon, and saw 3 of its levels.

You collected 85 gold pieces.

Inventory:

Armour
 a - a +0 robe (worn)
Scrolls
 e - 2 scrolls of magic mapping {unknown}
 f - 6 scrolls of remove curse {unknown}
 h - 2 scrolls of identify {unknown}
 i - 2 scrolls of amnesia {unknown}
 m - a scroll of enchant armour {unknown}
Potions
 c - a potion of ambrosia {unknown}
 d - a potion of haste {unknown}
 g - a potion of magic {unknown}
 j - a potion of resistance {unknown}
 k - a potion of curing {unknown}
 l - a potion of degeneration {unknown}
Books
 b - a book of Air

   Spells                             Type                      Level
   a - Shock                          Conjuration/Air              1
   b - Swiftness                      Charms/Air                   2
   c - Repel Missiles                 Charms/Air                   2
   d - Static Discharge               Conjuration/Air              3
   e - Lightning Bolt                 Conjuration/Air              5


   Skills:
 + Level 0.4 Fighting
 + Level 2.3 Dodging
 + Level 2.6 Stealth
 + Level 0.2 Unarmed Combat
 + Level 4.0 Spellcasting
 + Level 2.2 Conjurations
 + Level 4.8 Air Magic


You had 7 spell levels left.
You knew the following spells:

 Your Spells              Type           Power        Failure   Level  Hunger
a - Shock                 Conj/Air       ###.         3%          1    None
b - Swiftness             Chrm/Air       ##......     10%         2    ##.....
c - Repel Missiles        Chrm/Air       ##....       10%         2    ##.....


Dungeon Overview and Level Annotations

Branches:
Dungeon (2/15)

Altars:


Message History

The zap hits the centaur.
The centaur is heavily wounded.
The centaur shoots an arrow.
The arrow hits you!
* * * LOW HITPOINT WARNING * * *
Casting: Shock
Confirm with . or Enter, or press ? or * to list all spells.
Aiming: Shock
Press: ? - help, Shift-Dir - straight line, f/p - centaur
Aim: a centaur, wielding a shortbow (heavily wounded)
The zap misses the centaur.
The centaur shoots an arrow.
The arrow hits you.
* * * LOW HITPOINT WARNING * * *
Casting: Shock
Confirm with . or Enter, or press ? or * to list all spells.
Aiming: Shock
Press: ? - help, Shift-Dir - straight line, f/p - centaur
Aim: a centaur, wielding a shortbow (heavily wounded)
The zap hits the centaur.
The centaur is severely wounded.
The centaur shoots an arrow.
The arrow hits you!
You die...

........[...)................
####.#.############+###.....
#..# #.........### ##.##
#.........#
#..#######.........#
##.................#
#.................#
####.................#
.......@..##.........#
..........##.........#
...........##.........#
...........##.........#
...........##.........#
......[...##.......[.#
.c........#####.######
..........# #.# #.#


You could see a centaur.

Vanquished Creatures
  The ghost of TheMardin the Ducker, a weakling DsGl (D:3)
  5 adders
  A worm (D:2)
  A dart slug (D:1)
  5 leopard geckos
  2 giant cockroaches (D:2)
  4 goblins
  5 hobgoblins
  2 jackals (D:1)
  2 kobolds
  2 quokkas
  7 bats
  3 frilled lizards
  3 rats
43 creatures vanquished.

Notes
Turn   | Place    | Note
-------+----------+-------------------------------------------
     0 | D:1      | McKennaii the High Elf Air Elementalist began the quest for the Orb.
     0 | D:1      | Reached XP level 1. HP: 11/11 MP: 4/4
   220 | D:1      | Reached XP level 2. HP: 17/17 MP: 4/6
   854 | D:2      | Reached XP level 3. HP: 18/21 MP: 1/8
   878 | D:2      | Learned a level 2 spell: Swiftness
   881 | D:2      | Learned a level 2 spell: Repel Missiles
  1258 | D:2      | Reached XP level 4. HP: 27/27 MP: 3/9
  1596 | D:2      | You fall through a shaft!
  1599 | D:3      | Noticed TheMardin's ghost (weakling DsGl)
  1668 | D:3      | Killed TheMardin's ghost
  1668 | D:3      | Reached XP level 5. HP: 12/32 MP: 1/12
  1712 | D:3      | Noticed a centaur
  1716 | D:3      | Shot with an arrow by a centaur

Skill      XL: |  1  2  3  4 |
---------------+-------------+-----
Air Magic      | 4 |  4.8
Spellcasting   | 3 4 |  4.0
Conjurations   | 2 |  2.2
Fighting       | |  0.4
Dodging        | |  2.3
Stealth        | |  2.6
Unarmed Combat | |  0.2

Action                   |  1- 3 |  4- 6 || total
-------------------------+-------+-------++-------
Melee: Unarmed           |    11 |     3 ||    14
 Cast: Shock             |    71 |    32 ||   103
  Eat: Fruit             |     1 |       ||     1
       Bread ration      |       |     1 ||     1
Armor: Robe              |     5 |     3 ||     8
Dodge: Dodged            |    19 |    14 ||    33
